[Event "4th Tata Steel India Blitz Women 2022"]
[Site "Kolkota"]
[Date "2022.12.03"]
[Round "9.1"]
[White "Harika, Dronavalli"]
[Black "Savitha Shri B"]
[Result "1-0"]
[ECO "A49"]
[WhiteElo "2507"]
[BlackElo "2411"]
[Annotator "TA"]
[PlyCount "141"]
[EventDate "2022.11.29"]
[EventType "tourn"]
[EventCountry "IND"]
[SourceTitle "playchess.com"]
[Source "ChessBase"]
[SourceQuality "1"]
[TimeControl "180+2"]

1. Nf3 Nf6 2. b3 g6 3. Bb2 Bg7 4. g3 d6 5. d4 O-O 6. Bg2 Nbd7 7. O-O Rb8 {[%emt 0:00:08] 7...c6 gains popularity. A49: 1 d4 Nf6 2 Nf3 g6 3 g3: Anti-King's Indian systems.} 8. a4 b6 9. Re1 Bb7 {[%emt 0:00:00] The position is equal.} 10. Nbd2 {[%emt 0:00:18] [#]} Ne4 $146 ({Predecessor:} 10... a6 11. e4 e5 12. dxe5 Ng4 13. Qc1 Ngxe5 14. Nxe5 dxe5 15. Nc4 Re8 16. Qe3 Qe7 {0-1 (63) Ambartsumova,K (2386)-Guseinov,G (2668) Chess.com INT 2022}) 11. Nxe4 Bxe4 12. Bh3 c5 13. Ra2 Qc7 14. c4 Rbd8 ({Black should try} 14... a6 $14) 15. d5 $16 Bxf3 16. exf3 Nf6 17. f4 a6 18. Ba1 b5 (18... Rb8 $14) 19. axb5 axb5 20. cxb5 Qb7 21. Bxf6 Bxf6 22. Bf1 Ra8 23. Ra6 Bd4 24. Bc4 Qd7 25. Kg2 Rfb8 26. Qf3 Ra7 27. h4 Rab7 28. h5 Qf5 29. Bd3 Qf6 30. Re2 ({Better is} 30. h6 $18) 30... Kg7 (30... Qg7 $16 {might work better.} 31. hxg6 hxg6) 31. Qg4 $18 Rc7 (31... Bc3 $142 32. hxg6 fxg6) 32. Bc4 $2 (32. Rc6 $18 Ra7 33. b6) 32... Rcb7 $16 33. Bd3 (33. Rc6 $16) 33... Kg8 $2 (33... Rc7 $1 $11 {and Black has nothing to worry.} 34. Rc6 Rcb7) 34. h6 Rc7 $2 (34... Rd8 35. Rc6 Rbb8) 35. Rea2 (35. Rc6 $142 Rxc6 36. dxc6) 35... e5 36. fxe5 Bxe5 37. Bc4 (37. Ra8 $142 Qd8 38. Rxb8 Qxb8 39. Ra6) 37... Re7 $2 (37... Qd8 38. Qe4 Qf8) 38. Ra8 $18 Ree8 39. Rxb8 Rxb8 40. Ra7 Bd4 41. Qf3 {[%emt 0:00:00] Active counter play!} Qxf3+ 42. Kxf3 {[%emt 0:00:02][%mdl 4096] Endgame KRB-KRB} Bc3 $2 (42... Kf8 43. Ra6 Ke7) 43. Rd7 ({Weaker is} 43. b6 Kf8 $16) 43... Be5 (43... Kf8 $142 44. Rxd6 Ke8) 44. Kg2 (44. b6 $142) 44... Kf8 45. f4 Ke8 46. Rc7 Bf6 47. Kf3 Be7 48. Ra7 Bf8 (48... Bd8 {was called for.} 49. Bd3 Bb6) 49. Ra1 (49. Ra6 $1 $18) 49... Bxh6 $16 50. Rh1 Bf8 (50... Bg7 $16) 51. Rxh7 $18 Ke7 $2 (51... Rb7 52. Rh8 f6) 52. Rh1 $2 (52. Bd3 $1 $18 {[%cal Rd3g6] is the precise move to win.}) 52... Kd7 $2 (52... Bg7 $16) 53. Ra1 (53. Rh8 $18 {has better winning chances.}) 53... Be7 54. Ra7+ Kd8 55. g4 Ke8 {[%emt 0:00:03] [#]} 56. Ke4 (56. Ra6 $1 $18) 56... Kd8 $2 (56... Bd8 $16 57. g5 Bb6) 57. f5 g5 $2 {[%emt 0:00:02] [#]} (57... Ke8 58. fxg6 fxg6) 58. f6 $1 Bxf6 59. Rxf7 Be7 60. Kf5 Kd7 61. Kg6 (61. Rg7 $142 Rb6 62. Bd3) 61... Rb6 62. Bd3 {[%emt 0:00:02] Bf5+ is the strong threat.} Kd8 63. Rh7 Rb7 64. Rh8+ (64. Bf5 $142 Ke8 65. Rh8+ Bf8 66. Kf6 Rxb5 67. Bg6+ Kd8 68. Rxf8+ Kc7 69. Bf5) 64... Kc7 65. Rh7 $2 (65. Kf7 $18 Bd8 66. Ke6) 65... Kb6 $2 (65... Kd8 $1 $11 {and Black stays safe.} 66. Bf5 Rxb5) 66. Kf5 Bd8 67. Rh8 Be7 $2 (67... Kc7 68. Ke6 Rb6) 68. Ke6 {[%emt 0:00:01] And now Re8 would win. White is clearly winning.} Ka5 69. Rh7 Kb4 70. Rxe7 Rb6 71. Bc4 {[%emt 0:00:01] Weighted Error Value: White=0.59/Black=0.58} 1-0

[Event "4th Tata Steel India Blitz Women 2022"]
[Site "Kolkota"]
[Date "2022.12.03"]
[Round "9.2"]
[White "Dzagnidze, Nana"]
[Black "Muzychuk, Mariya"]
[Result "0-1"]
[ECO "D10"]
[WhiteElo "2517"]
[BlackElo "2528"]
[Annotator "TA"]
[PlyCount "64"]
[EventDate "2022.11.29"]
[EventType "tourn"]
[EventCountry "IND"]
[SourceTitle "playchess.com"]
[Source "ChessBase"]
[SourceQuality "1"]
[TimeControl "180+2"]

1. d4 d5 2. c4 c6 3. cxd5 cxd5 4. Nc3 Nf6 5. Bf4 Nc6 6. e3 Bg4 7. Qb3 {[%emt 0:00:04] D10: Slav Defence: 3 cxd5 (without early Nf3) and 3 Nc3.} Na5 8. Qa4+ Bd7 9. Qc2 {[%emt 0:00:01] The position is equal.} e6 10. Bd3 Be7 11. h3 Ne4 12. Nf3 f5 13. Ne5 O-O 14. O-O Rc8 15. Rfc1 Nc6 {[%emt 0:00:21] [#]} 16. Nxd7 $146 ({Predecessor:} 16. Qe2 a6 17. a3 Nxe5 18. Bxe5 Bh4 19. Nd1 Qe7 20. f3 Nd6 21. Qd2 Nf7 22. Nc3 Nxe5 23. dxe5 g6 {1-0 (23) Carter,M (1926)-Egorov,V (1887) LSS email 2019}) 16... Qxd7 17. Qd1 Bd6 18. Bxd6 Qxd6 19. Ne2 Nb4 20. a3 Nxd3 21. Qxd3 Qb6 22. Rc2 Rc6 23. Rxc6 bxc6 24. Rc1 Rc8 25. b4 a5 26. b5 (26. Nf4 $16) 26... c5 (26... Nd6 {simplifies} 27. Rxc6 Rxc6 28. bxc6 Qxc6 29. Qb3 Qb5) 27. dxc5 Nxc5 ({Better is} 27... Rxc5 $14 28. Rxc5 Qxc5) 28. Qd4 $2 ({White should try} 28. Qb1 $18) 28... Qxb5 $11 29. Nf4 {[%emt 0:00:02] [#] And now Nxe6 would win.} Rc6 {[%emt 0:00:04] Strongly threatening ...Nb3.} 30. Nh5 Rc7 {[%emt 0:00:04] White must now prevent ...Nb3.} 31. Nf4 $2 (31. Qh4 $11 Qd7 {[#]} 32. Nxg7 $1 Kxg7 33. Rxc5 Rxc5 34. Qd4+ Kf7 35. Qxc5) 31... Nb3 $1 $19 32. Rxc7 Nxd4 {[%emt 0:00:06] Weighted Error Value: White=0.38/Black=0.19 (very precise)} 0-1

[Event "4th Tata Steel India Blitz Women 2022"]
[Site "Kolkota"]
[Date "2022.12.03"]
[Round "9.3"]
[White "Ushenina, Anna"]
[Black "Vaishali, Rameshbabu"]
[Result "0-1"]
[ECO "D37"]
[WhiteElo "2454"]
[BlackElo "2454"]
[Annotator "TA"]
[PlyCount "72"]
[EventDate "2022.11.29"]
[EventType "tourn"]
[EventCountry "IND"]
[SourceTitle "playchess.com"]
[Source "ChessBase"]
[SourceQuality "1"]
[TimeControl "180+2"]

1. d4 Nf6 2. c4 e6 3. Nf3 d5 4. Nc3 a6 5. cxd5 exd5 6. Qb3 {[%emt 0:00:08] D37: Queen's Gambit Declined: 5 Bf4.} c6 7. e4 dxe4 (7... Nxe4 $15 8. Nxe4 Qe7) 8. Ng5 $14 {[%emt 0:00:05][%csl Gg5,LRe4,LRf7][%cal Rb3f7,Bf3g5,Bg5e4,Be4c5][%mdl 32] [#] White is slightly better.} Nd5 {[%emt 0:01:06] [#]} 9. Ngxe4 $146 (9. Bc4 $5 Be7 10. h4 $14 (10. Ngxe4 O-O $11)) ({Predecessor:} 9. Bc4 Bb4 10. Ngxe4 Bxc3+ 11. bxc3 O-O 12. O-O b5 13. Bxd5 Qxd5 14. Re1 Bf5 15. Ba3 {0-1 (57) Csonka,B (2481)-Shengelia,D (2526) Hungary 2019}) 9... Nxc3 10. Qxc3 ({Better is} 10. bxc3 $14 Be7 11. Bd3) 10... Qe7 (10... Be7 $11 {keeps the balance.}) 11. Qe3 (11. Bd3 $16) 11... Be6 12. Nc5 Bc8 13. Bc4 Qxe3+ 14. Bxe3 Nd7 15. O-O-O Be7 (15... Nb6 $5 16. Bb3 Bd6 $11) 16. Rhe1 {[%emt 0:00:08] next Bg5 is good for White.} O-O (16... b5 $11 17. Bd3 (17. Bg5 f6 $11) 17... Nxc5 18. dxc5 O-O) 17. h3 (17. Bf4 $16 Bf6 18. Ne4) 17... Bf6 ({Black should play} 17... b5 $11 18. Bb3 Nxc5 19. dxc5 a5) 18. g4 (18. Ne4 $14) 18... h6 (18... Nb6 $11 19. Bb3 a5) 19. f4 ({White should try} 19. Ne4 $14) 19... Bh4 20. Re2 b5 21. Bb3 Nxc5 22. dxc5 Re8 23. Rd6 h5 24. f5 (24. Rxc6 {with more complications.} Bg3 25. Bd5 Rxe3 26. Rxe3 Bxf4 27. Kd2) 24... hxg4 25. hxg4 Ra7 26. Bd1 (26. Rxc6 Rae7 27. Kd2 Bg3 $17) 26... Rae7 27. Rxc6 $2 {[%emt 0:00:05][%mdl 8192] Loses the game.} Rxe3 $19 ({Stronger than} 27... Bb7 28. Rb6 Bc8 29. Bf2 Rxe2 30. Bxh4 $17) 28. Rxe3 Bg5 {[%emt 0:00:01][%mdl 64] [#] Pin} 29. Kc2 Bxe3 30. Bf3 Bb7 {[%emt 0:00:01] Black is clearly winning.} 31. Re6 fxe6 32. Bxb7 Bxc5 33. fxe6 Kf8 34. Bd5 Ke7 35. Kd3 Rd8 36. Ke4 Rh8 {[%emt 0:00:02] Weighted Error Value: White=0.51/Black=0.20 (precise)} 0-1

[Event "4th Tata Steel India Blitz Women 2022"]
[Site "Kolkota"]
[Date "2022.12.03"]
[Round "9.4"]
[White "Kulkarni Bhakti"]
[Black "Muzychuk, Anna"]
[Result "1-0"]
[ECO "D00"]
[WhiteElo "2359"]
[BlackElo "2525"]
[Annotator "TA"]
[PlyCount "75"]
[EventDate "2022.11.29"]
[EventType "tourn"]
[EventCountry "IND"]
[SourceTitle "playchess.com"]
[Source "ChessBase"]
[SourceQuality "1"]
[TimeControl "180+2"]

1. d4 Nf6 2. Nf3 g6 3. Nc3 d5 4. Bf4 Bg7 5. Nb5 Na6 6. e3 {[%emt 0:00:01] D00: 1 d4 d5: Unusual lines.} c6 7. Nc3 Nc7 8. h3 {[%emt 0:00:04] The position is equal.} O-O 9. Bd3 b6 10. O-O c5 11. a4 {[%emt 0:00:16] [#]} c4 $146 ({Predecessor:} 11... Bb7 12. a5 Ne4 13. a6 Nxc3 14. bxc3 Bc8 15. c4 cxd4 16. exd4 Be6 17. cxd5 Nxd5 {½-½ (83) Gupta,A (2631)-Nigmatov,O (2437) Dubai 2022}) 12. Be2 a6 13. b3 cxb3 14. cxb3 Bf5 15. Rc1 Nce8 16. Ne5 Nd6 17. Bg5 {[%emt 0:00:07][%cal Bf4g5,Bg5h4,Bh4g3,Bg3d6][%mdl 32] Strongly threatening Bxf6.} (17. Ng4 {simplifies} Nxg4 18. hxg4 Be6 19. Bf3) 17... Nde4 {[%emt 0:00:21] [#]} (17... Be6 $16) 18. Nxe4 $1 $18 dxe4 19. Bc4 {[%emt 0:00:05] White is much more active. The black rooks are badly placed.} h6 (19... Bd7 $16) 20. Bh4 g5 (20... Bc8 $16 21. Nxg6 b5) 21. Bg3 e6 22. Qe2 a5 (22... Nd5 {might work better.} 23. Bxa6 Bxe5) 23. Nc6 Qd7 24. Bb5 Qb7 25. Bd6 Rfe8 {[%emt 0:00:20] [#]} 26. Rc2 (26. Ne7+ $1 $18 {[%mdl 512] is more deadly.} Rxe7 27. Bc6) 26... Kh7 $2 {[%emt 0:00:04] Black cannot hold the game after this.} (26... Bf8 $16) 27. Ne5 {[%emt 0:00:05] aiming for Rc7.} Nd5 (27... Rec8 28. Bc6 Rxc6 29. Rxc6 Nd5) 28. Bc6 Qa7 29. Bxe8 Rxe8 30. g4 Bxe5 31. Bxe5 ({But not} 31. dxe5 Bg6 32. Rfc1 Qb7) 31... Bg6 32. Rfc1 Qe7 33. Qb5 h5 34. Kg2 Rd8 35. Rc8 f6 $2 {[%emt 0:00:07] [#]} (35... Rxc8 36. Rxc8 f6) 36. R8c7 $1 {[%emt 0:00:02][%mdl 512] White is clearly winning.} fxe5 (36... Nxc7 37. Rxc7) 37. Rxe7+ Nxe7 38. Rc7 {[%emt 0:00:01] Weighted Error Value: White=0.27 (precise) /Black=0.49} 1-0

[Event "4th Tata Steel India Blitz Women 2022"]
[Site "Kolkota"]
[Date "2022.12.03"]
[Round "9.5"]
[White "Kiolbasa, Oliwia"]
[Black "Koneru, Humpy"]
[Result "0-1"]
[ECO "C42"]
[WhiteElo "2406"]
[BlackElo "2574"]
[Annotator "TA"]
[PlyCount "66"]
[EventDate "2022.11.29"]
[EventType "tourn"]
[EventCountry "IND"]
[SourceTitle "playchess.com"]
[Source "ChessBase"]
[SourceQuality "1"]
[TimeControl "180+2"]

1. e4 e5 2. Nf3 Nf6 3. Nxe5 d6 4. Nf3 Nxe4 5. Nc3 Nxc3 6. dxc3 Be7 7. Be3 O-O 8. Qd2 {[%emt 0:00:02] C42: Petroff Defence: 3 Nxe5 and unusual White 3rd moves.} Nd7 9. O-O-O Nf6 10. Bd3 {[%emt 0:00:02] The position is equal.} Re8 11. Rhe1 {[%emt 0:00:07] 11.Kb1 is the fancy move.} Bg4 12. h3 Bxf3 13. gxf3 d5 14. Rg1 Qd6 15. Kb1 {[%emt 0:00:14] [#]} Bf8 $146 ({Predecessor:} 15... Rad8 16. h4 a6 17. Bd4 g6 18. f4 Ne4 19. Qc1 c5 20. Be5 Qe6 21. Bxe4 dxe4 {½-½ (32) De Carlos Arregui,I (2432)-Bondars,G (2423) ICCF email 2017}) 16. Qc1 c5 17. c4 d4 18. Bf4 (18. Bg5 $11 {keeps the balance.}) 18... Qc6 $17 {[%emt 0:00:16] White is on the road to losing.} 19. Qd2 ({White should play} 19. Rg3) 19... Qxf3 20. h4 (20. Rg3 $17 {was called for.} Qc6 21. f3) 20... Ne4 $19 21. Bxe4 Rxe4 ({Stronger than} 21... Qxe4 22. Rge1 Qf3 23. Bg3) 22. Bg3 b6 23. Qg5 h6 24. Qd5 Rae8 25. a3 Qf6 26. h5 Qe6 27. Qb7 (27. Qxe6 $142 R8xe6 28. Rd2) 27... Qxc4 {[%emt 0:00:07] [#] White must now prevent ...Re2.} 28. Qxa7 $2 (28. Qd7) 28... Re2 29. Rc1 d3 30. Qxb6 d2 31. Rcd1 Re1 {[%emt 0:00:02] [#] ( -> ...Rxg1)} 32. Bh2 Rxg1 33. Bxg1 Re1 {[%emt 0:00:04] Weighted Error Value: White=0.82/Black=0.27 (precise)} 0-1

[Event "4th Tata Steel India Blitz Women 2022"]
[Site "Kolkota"]
[Date "2022.12.04"]
[Round "10.1"]
[White "Dzagnidze, Nana"]
[Black "Savitha Shri B"]
[Result "1-0"]
[ECO "D78"]
[WhiteElo "2517"]
[BlackElo "2411"]
[Annotator "TA"]
[PlyCount "43"]
[EventDate "2022.11.29"]
[EventType "tourn"]
[EventCountry "IND"]
[SourceTitle "playchess.com"]
[Source "ChessBase"]
[SourceQuality "1"]
[TimeControl "180+2"]

1. Nf3 Nf6 2. c4 g6 3. g3 Bg7 4. Bg2 c6 5. O-O d5 6. d4 O-O 7. a4 {[%emt 0:00:04] 7.Nc3 is a critical line. D78: Fianchetto Grünfeld: 6 0-0 c6.} Ne4 {[%emt 0:00:27] [#]} 8. e3 $146 ({Predecessor:} 8. a5 a6 9. Qb3 dxc4 10. Qxc4 Be6 11. Qb4 Nd6 12. Nc3 Nb5 13. Bf4 f6 14. Rfd1 Bf7 {1-0 (32) Cordova,E (2592)-Khachiyan,M (2481) Chess.com INT 2020}) 8... Na6 9. Nc3 {[%emt 0:00:12] White is slightly better.} Nxc3 10. bxc3 dxc4 11. Nd2 e5 ({Black should try} 11... Be6 $14) 12. Ba3 $16 Re8 13. Nxc4 exd4 14. cxd4 c5 $2 {[%emt 0:00:07] [#] This move loses the game for Black.} (14... Bf8 $16 {keeps fighting.}) 15. dxc5 $1 $18 ({Not} 15. Bxc5 Nxc5 16. dxc5 Bxa1 17. Qxa1 Qc7 $16) 15... Bxa1 (15... Qc7 {was worth a try.} 16. Nd6 Rd8) 16. Qxa1 Qc7 17. Nd6 Rd8 18. Qf6 {[%emt 0:00:15] Bb2 would kill now.} Be6 19. Bb2 Kf8 20. Nxb7 (20. Rd1 $142 Rxd6 21. cxd6 Qxd6 22. Rxd6 Nc7 23. Rd8+ Rxd8 24. Qh8+ Ke7 25. Bf6+ Kd6 26. Qxd8+ Bd7 27. Qe7#) 20... Rdb8 21. Be5 {[%emt 0:00:03] This pair of bishops is nice.} (21. Rd1 $142 Bd5 22. Bxd5 Rxb7 23. Qg7+ Ke8 24. Bf6 Kd7 25. Qxf7+ Kc8 26. Qg8+ Kd7 27. Qe6#) 21... Qd7 22. Qh8+ {[%emt 0:00:07] Weighted Error Value: White=0.10 (very precise) /Black=1.45} 1-0

[Event "4th Tata Steel India Blitz Women 2022"]
[Site "Kolkota"]
[Date "2022.12.04"]
[Round "10.2"]
[White "Harika, Dronavalli"]
[Black "Vaishali, Rameshbabu"]
[Result "1/2-1/2"]
[ECO "A30"]
[WhiteElo "2507"]
[BlackElo "2454"]
[Annotator "TA"]
[PlyCount "69"]
[EventDate "2022.11.29"]
[EventType "tourn"]
[EventCountry "IND"]
[SourceTitle "playchess.com"]
[Source "ChessBase"]
[SourceQuality "1"]
[TimeControl "180+2"]

1. Nf3 Nf6 2. g3 b6 3. Bg2 Bb7 4. b3 g6 5. Bb2 Bg7 6. O-O c5 7. c4 O-O 8. e3 d5 9. cxd5 {[%emt 0:00:03] A30: Symmetrical English: Double Fianchetto and Hedgehog.} Nxd5 {[%emt 0:00:09] has lost popularity (9...Qxd5).} 10. Bxg7 Kxg7 11. d4 cxd4 12. Qxd4+ Nf6 $1 13. Qb2 (13. Nbd2 {simplifies} Qxd4 14. Nxd4 Bxg2 15. Kxg2 Na6 16. Rfd1) 13... Nbd7 {[%emt 0:00:28] [#]} 14. Rd1 $146 {[%emt 0:00:08] [#] Hoping for Ne5.} ({Predecessor:} 14. Nc3 Qc7 15. Rac1 Bc6 16. Nb5 Qb7 17. Rxc6 Qxc6 18. Nfd4 Qc5 19. Rc1 Qe5 20. Bxa8 Rxa8 {1-0 (42) Tomilova,E (2300)-Mukhina,J (2004) Sochi 2017}) 14... Qc7 {[%emt 0:00:19] Prevents Ne5.} 15. Na3 {[%emt 0:00:10] aiming for Rac1.} Rad8 16. Rac1 Qb8 17. Nb5 Nc5 18. Qe5 a6 19. Qxb8 Rxb8 20. Nbd4 Rbc8 21. Ne5 Bxg2 22. Kxg2 a5 23. Nc4 Nfd7 (23... Ncd7 $11 {remains equal.}) 24. Nb5 Rfd8 {[%emt 0:00:02] [#]} (24... Rb8 $14) 25. Kf3 ({Better is} 25. Nxb6 $1 $16 Nxb6 26. Rxd8 Rxd8 27. Rxc5) 25... Rb8 26. Ke2 Na6 27. Rd2 Kf8 28. Rcd1 Ke8 29. Na7 {[%emt 0:00:04] White is much more active.} (29. f3 $16) 29... Ndc5 ({Black should try} 29... Rb7 $14) 30. Nc6 (30. Rxd8+ $16 Rxd8 31. Nxb6) 30... Rxd2+ $11 {[%emt 0:00:02] The position is equal.} 31. Rxd2 Rc8 32. N6e5 (32. Nxb6 $2 Rxc6 33. Nc4 a4 $19) 32... Rb8 33. Nc6 Rc8 34. Na7 (34. Nxb6 $2 {loses.} Rxc6 35. Nc4 a4 $19) 34... Rb8 35. Nc6 {[%emt 0:00:02] Weighted Error Value: White=0.16 (very precise) /Black=0.11 (very precise)} 1/2-1/2

[Event "4th Tata Steel India Blitz Women 2022"]
[Site "Kolkota"]
[Date "2022.12.04"]
[Round "10.3"]
[White "Kulkarni Bhakti"]
[Black "Muzychuk, Mariya"]
[Result "0-1"]
[ECO "D02"]
[WhiteElo "2359"]
[BlackElo "2528"]
[Annotator "TA"]
[PlyCount "76"]
[EventDate "2022.11.29"]
[EventType "tourn"]
[EventCountry "IND"]
[SourceTitle "playchess.com"]
[Source "ChessBase"]
[SourceQuality "1"]
[TimeControl "180+2"]

1. d4 Nf6 2. Nf3 d5 3. c3 Bf5 4. Qb3 Qc8 5. c4 e6 6. Nc3 {[%emt 0:00:06][%cal Rc4d5] D02: 1 d4 d5 2 Nf3 sidelines, including 2...Nf6 3 g3 and 2...Nf6 3 Bf4.} Nc6 {[%emt 0:00:07] White must now prevent ...Nb4.} 7. Bg5 {[%emt 0:00:31] Strongly threatening Bxf6.} dxc4 (7... Ne4 {simplifies} 8. cxd5 exd5 9. Nxe4 Bxe4 10. a3 Bd6) 8. Qxc4 {[%emt 0:00:04] [#] The position is equal.} Nb4 $146 (8... Ne4 $11) ({Predecessor:} 8... Be7 9. e3 h6 10. Bxf6 Bxf6 11. Bd3 Bxd3 12. Qxd3 O-O 13. O-O Rd8 14. Rac1 e5 {1-0 (49) Neumann,U-Rusack,B DESC email 2011}) 9. Rc1 (9. Bxf6 {simplifies} gxf6 10. e4 Bg6 11. Rc1) 9... Nc2+ 10. Kd1 Nb4 11. Ne5 (11. Nh4 $14) 11... Be7 $2 (11... Ne4 $11 12. Nxe4 Bxe4) 12. e4 $1 $36 {[%emt 0:00:12][%mdl 2048] White is on the roll.} Bg6 (12... h6 {was worth a try.}) 13. a3 Na6 14. Qa4+ Nd7 15. Bxe7 Kxe7 16. Bxa6 $1 Nxe5 17. Qb4+ $1 (17. Qb5 $6 Nd3 $16) 17... c5 $2 {[%emt 0:00:07] [#]} (17... Kd8 18. Bxb7 (18. Qxb7 Qxb7 19. Bxb7 Rb8 $16) 18... Nd3) 18. Qxb7+ $2 (18. Nd5+ $1 $18 Kd8 19. Rxc5 (19. Bxb7 $2 cxb4 20. Bxc8 Nd3 $19)) 18... Qxb7 $11 19. Bxb7 Rad8 20. d5 ({Better is} 20. Nd5+ $1 $11 exd5 21. dxe5) 20... Rb8 $15 21. Ba6 ({Wrong is} 21. d6+ $2 Kxd6 22. Ba6 (22. Nb5+ $2 Ke7 $19) 22... Rxb2 $19) 21... Rxb2 {[%emt 0:00:01] And now ...Bh5+ would win.} 22. Rc2 $1 Rhb8 23. dxe6 {[%emt 0:00:08] [#]} (23. Be2 $15) 23... fxe6 ({And not} 23... Kxe6 24. f4 $11) (23... c4 $1 $19 24. Nd5+ Kxe6) 24. f3 $2 (24. Be2 $17 {was necessary.}) 24... c4 $19 {[%emt 0:00:01] aiming for ...Rd8+.} 25. Rxb2 Rxb2 26. Rg1 Rb3 $2 (26... Be8 $19 {[%cal Oe8a4] ...Ba4+! is the strong threat.} 27. Re1 Rb6) 27. Kc2 Rxa3 28. Bb5 a6 {[%emt 0:00:02][%cal Ba7a6,Ba6b5,Bb5b4][%mdl 32] Black is more active.} 29. f4 $2 (29. Ba4 $17 Nd3 30. Rb1) 29... axb5 30. fxe5 {[%emt 0:00:01][%mdl 4096] Endgame KRB-KRN} b4 31. Nb5 Bxe4+ 32. Kb2 Rb3+ 33. Ka2 Re3 34. Nd6 Re2+ (34... Ra3+ $142 35. Kb2 c3+ 36. Kc1 Ra1#) 35. Ka1 c3 {[%emt 0:00:04] ( -> ...Bg6)} 36. Nxe4 Rxe4 37. Rf1 {[%emt 0:00:01] Inhibits b3.} Rxe5 (37... b3 $142 38. Kb1 Re2 39. Rc1 Rb2+ 40. Ka1 Ra2+ 41. Kb1 c2+ 42. Rxc2 Rxc2 43. g4 Rxh2 44. g5 Kd7 45. g6 h5 46. Kc1 h4 47. Kb1 h3 48. Ka1 Rg2 49. Kb1 h2 50. Kc1 h1=Q#) 38. Rf2 b3 {[%emt 0:00:01] Black used his chance.   Weighted Error Value: White=1.21/Black=0.73} 0-1

[Event "4th Tata Steel India Blitz Women 2022"]
[Site "Kolkota"]
[Date "2022.12.04"]
[Round "10.4"]
[White "Ushenina, Anna"]
[Black "Kiolbasa, Oliwia"]
[Result "1-0"]
[ECO "D35"]
[WhiteElo "2454"]
[BlackElo "2406"]
[Annotator "TA"]
[PlyCount "67"]
[EventDate "2022.11.29"]
[EventType "tourn"]
[EventCountry "IND"]
[SourceTitle "playchess.com"]
[Source "ChessBase"]
[SourceQuality "1"]
[TimeControl "180+2"]

1. d4 d5 2. c4 e6 3. Nc3 Nf6 4. Nf3 Nbd7 5. cxd5 exd5 6. Bf4 c6 7. h3 Be7 8. Qc2 Nf8 9. e3 Ng6 {[%emt 0:00:05] D35: Queen's Gambit Declined: Exchange Variation.} 10. Bh2 O-O 11. Bd3 Re8 {[%emt 0:00:05] White is slightly better.} 12. Ne5 Bd6 13. f4 (13. Nxg6 {simplifies} Bxh2 14. Rxh2 hxg6 15. O-O-O) 13... Nd7 (13... c5 $11) 14. O-O $14 Ngf8 15. Rae1 f6 16. Nf3 {[%emt 0:00:04] [#] White is much more active.} b5 $146 ({Better is} 16... Nb6 $14) ({Predecessor:} 16... Nb6 17. e4 dxe4 18. Nxe4 Bb4 19. Re2 Nd5 20. a3 Ba5 21. b4 Bc7 22. Rfe1 Bd7 {1-0 (61) Jelen,I (2351)-Brinovec,D (2212) Radenci 2019}) 17. f5 (17. e4 $142) 17... Bxh2+ 18. Nxh2 (18. Kxh2 $5 b4 19. Na4 $16) 18... Nb6 19. b3 a5 20. Qf2 ({White should play} 20. Ne2 $14) 20... Ba6 $11 21. Ne2 Qd6 22. Nf4 c5 (22... Nc8 $14) 23. dxc5 $16 Qxc5 24. Nf3 Nbd7 (24... b4 $16) 25. Nd4 $18 Ne5 26. Be2 b4 (26... Rec8 $142 27. g4 h6) 27. Nfe6 $2 (27. Bxa6 $18 {is more deadly.} Rxa6 28. Rc1) 27... Nxe6 $16 28. Nxe6 Qe7 {[%emt 0:00:05] [#]} 29. Rc1 $1 {[%emt 0:00:07] Black must now prevent Rc7.} Rec8 {[%emt 0:00:13] Inhibits Rc7.} (29... Bxe2 30. Qxe2 Ra7) 30. Bxa6 $18 {[%emt 0:00:04] White is clearly winning.} Rxc1 31. Rxc1 Rxa6 32. Rc8+ Kf7 33. Qe2 ({Weaker is} 33. Qg3 Rxe6 34. fxe6+ Kxe6 $18) (33. Nd8+ $142 Kf8 34. Qe2) 33... Rxe6 34. Qh5+ {[%emt 0:00:05] Weighted Error Value: White=0.37/Black=0.55} 1-0

[Event "4th Tata Steel India Blitz Women 2022"]
[Site "Kolkota"]
[Date "2022.12.04"]
[Round "10.5"]
[White "Koneru, Humpy"]
[Black "Muzychuk, Anna"]
[Result "1-0"]
[ECO "A30"]
[WhiteElo "2574"]
[BlackElo "2525"]
[Annotator "TA"]
[PlyCount "67"]
[EventDate "2022.11.29"]
[EventType "tourn"]
[EventCountry "IND"]
[SourceTitle "playchess.com"]
[Source "ChessBase"]
[SourceQuality "1"]
[TimeControl "180+2"]

1. Nf3 c5 2. b3 Nf6 3. Bb2 g6 4. c4 Bg7 5. g3 O-O 6. Bg2 Nc6 7. O-O b6 8. d4 cxd4 9. Nxd4 Bb7 10. Nc3 Rc8 {[%emt 0:00:10] A30: Symmetrical English: Double Fianchetto and Hedgehog.} 11. Rc1 {[%emt 0:00:12] 11.Qd2 is the fancy move.} a6 12. e3 {[%emt 0:00:10] [#]} e6 $146 {[%emt 0:00:31] White is slightly better.} ({Predecessor:} 12... d6 13. h3 Qd7 14. Nde2 Ne5 15. e4 e6 16. Qd2 Rfd8 17. Rfd1 Qc7 18. a4 Nc6 {1-0 (30) Kozak,A (2503)-Ozdemir,S (2191) Chess.com INT 2020}) 13. Ba3 Re8 14. Bd6 {[%emt 0:00:11] White is more active.} Na5 15. Qe2 (15. e4 $1 $14) 15... Bxg2 $11 16. Kxg2 Nb7 17. Ba3 Nc5 18. Rfd1 Qc7 19. Qf3 Red8 (19... d6 $11) 20. b4 $16 Nb7 21. b5 $36 {[%emt 0:00:01][%mdl 2048] [#] Be7 is the strong threat. White is in control.} axb5 (21... Nc5 $16) 22. Be7 $18 ({Worse is} 22. cxb5 Nc5 $11) 22... Qe5 (22... Ne8 {is tougher.}) 23. Qxb7 {[%emt 0:00:04] White is clearly winning.} Rb8 24. Qf3 Re8 25. Bxf6 Bxf6 26. Ndxb5 Red8 27. Ne4 Bg7 28. Ned6 f5 29. Nb7 Rdc8 30. Rxd7 Ra8 31. N7d6 Rf8 32. a3 g5 33. Rd1 Kh8 34. Nf7+ {[%emt 0:00:02] Weighted Error Value: White=0.08 (flawless) /Black=0.39} 1-0